← All builds
Tech / Armada / Economy first / OBSERVED BUILD

Standard tech

Armada Tech (Eco) build order · Supreme Isthmus

Rushes T2 by 4:15, gets Advanced Metal Extractor around 5:28, hands off T2 constructors to Geo and the team, then scales eco and supplies the team's T2 needs through the rest of the game.

Usually first T2 con to Geo (83%)

#eco #t2 #team support · 1590 distinct matches · 256 players · 58% of Armada Tech games · team won 53% of 1886 · Recently observed

HOW TO PLAY IT

Key timing: T2 factory by 4:15

  1. Open 3 mex and heavy wind to fund a fast T2 rush.
  2. Put down Bot Lab, planning to eat it for reclaim soon after.
  3. Get Advanced Bot Lab up, hitting the T2 factory rush timing.
  4. Upgrade mex to Advanced Metal Extractor to lock in team metal income.
  5. Eat Advanced Bot Lab and keep sending cons to Geo and Pond.

Phase by phase

TYPICAL OF ITS 1590 GAMES
  1. 1
  2. 2
  3. 3
  4. 4
PLAY THE OPENING

Follow the example game's first 6:00 step by step: what to build now, what comes next, and where it goes. At 1× it keeps pace with your own game.

  1. 1

    Up to the Bot Lab

    Economy
    • Metal Extractor3Mex
    • Wind Turbine4Wind
    Order
    1. Bot LabBot Lab after 3 mex, 4 winddone ~1:18, middle half 1:13–1:32

    Some games also: energy storage (31%)

    By 1:01 in all: 3 mex · 4 wind

    The example game in this phase · 3 steps
    1. Mex ×3
    2. Wind ×4
    3. Bot LabBot Labdone 1:14 · typical 1:18
  2. 2

    Bot Lab to Advanced Bot Lab

    Economy
    • Metal Extractor1Mex
    • Wind Turbine8Wind
    • Energy Storage1Energy storage
    Order
    1. Advanced Bot LabAdvanced Bot Lab after 4 mex, 12 wind, 3 con turretdone ~4:16, middle half 4:04–4:30
    Builders
    • Construction Turret3 Con turret
    • Lazarus3 Lazarus
    • Construction Bot2 Con bot
    • Construction Bot1 Con bot for allies

    Some games also: converter (36%)

    By 3:18 in all: 4 mex · 12 wind · 1 energy storage · 3 con turret

    The example game in this phase · 16 steps
    1. LazarusLazarus
    2. Construction BotCon bot
    3. Wind
    4. LazarusLazarus
    5. Construction BotCon botfor Air
    6. Energy storage
    7. LazarusLazarus
    8. Mex
    9. Con turret
    10. Construction BotCon bot
    11. LazarusLazarus ×2
    12. Wind
    13. Con turret
    14. Bot LabEat Bot Labreclaimed for its metal
    15. Wind ×2
    16. Advanced Bot LabAdvanced Bot Labdone 4:11 · typical 4:16
  3. 3

    Advanced Bot Lab to 5:00

    Economy
    • Wind Turbine3Wind
    Order
    1. Bot LabEat Bot Lab
    Builders
    • Advanced Construction Bot1 T2 con bot for allies

    Some games also: converter (35%)

    By 5:00 in all: 4 mex · 15 wind · 1 converter · 1 energy storage · 3 con turret

    The example game in this phase · 11 steps
    1. Wind
    2. Con turret
    3. Wind ×4
    4. Advanced Construction BotT2 con botfor Geo
    5. Wind
    6. Converter
    7. Advanced Metal ExtractorT2 mexdone 5:02 · typical 5:29
    8. Wind
    9. Converter
    10. SharpshooterSniper botfor Ponddone 5:17
    11. Wind
  4. 4

    5:00 to 10:00

    Economy
    • Wind Turbine43Wind
    • Energy Converter6Converter
    Builders
    • Butler9 Butler
    • Advanced Construction Bot4 T2 con bot for allies
    • Advanced Construction Bot1 T2 con bot

    Some games also: con turret (43%) · Butler for allies (37%)

    By 10:00 in all: 4 mex · 58 wind · 8 converter · 1 energy storage · 3 con turret

    The example game in this phase · 178 steps
    1. Converter
    2. Wind
    3. SharpshooterSniper botfor Pond
    4. Converter
    5. Wind
    6. Advanced Construction BotT2 con botfor Air
    7. Wind
    8. Converter
    9. Advanced Construction BotT2 con botfor Beach sea
    10. Advanced Metal ExtractorT2 mex
    11. Wind
    12. SprinterSprinter ×2for Geo sea
    13. Wind
    14. Converter
    15. Wind ×3
    16. Advanced Construction BotT2 con botfor Geo sea
    17. Wind ×2
    18. ButlerButler
    19. Advanced Metal ExtractorT2 mex
    20. ButlerButler
    21. Advanced Construction BotT2 con botfor Pond
    22. Wind
    23. Advanced Construction BotT2 con bot
    24. Wind ×2
    25. ButlerButler
    26. Advanced Metal ExtractorT2 mex
    27. ButlerButler ×3
    28. Wind ×2
    29. Fusion ReactorFusiondone 11:58
    30. Wind
    31. Con turret
    32. Wind ×5
    33. ButlerButler
    34. Wind
    35. Con turret
    36. Wind ×2
    37. ButlerButler
    38. Wind ×3
    39. ButlerButler
    40. Wind ×6
    41. ButlerButler
    42. Wind ×8
    43. Advanced Bot LabEat Advanced Bot Labreclaimed for its metal
    44. Wind
    45. Con turret
    46. Wind ×5
    47. Con turret
    48. Wind ×5
    49. Con turret
    50. Wind ×4
    51. Con turret
    52. Wind ×5
    53. Con turret
    54. Wind ×4
    55. Con turret
    56. Wind
    57. Con turret
    58. Wind ×3
    59. Fusion ReactorFusion
    60. Wind
    61. Con turret
    62. Wind ×5
    63. T2 converter
    64. Wind ×5
    65. Converter
    66. Wind ×3
    67. Converter
    68. Wind ×2
    69. Converter
    70. Wind
    71. Converter
    72. Wind ×3
    73. Converter
    74. Wind
    75. Converter
    76. Wind ×3
    77. Converter
    78. Wind ×2
    79. Converter
    80. T2 converter
    81. Wind ×3
    82. Converter
    83. Wind ×5
    84. Converter
    85. Wind ×8
    86. Converter
    87. CitadelAnti-nukedone 13:03
    88. Wind ×2
    89. Converter
    90. Wind ×3
    91. T2 converter
    92. Wind ×28
    93. Dragon's TeethDragon's Teeth
    94. Wind ×2
    95. Dragon's TeethDragon's Teeth ×4
    96. Wind
    97. Dragon's TeethDragon's Teeth
    98. Wind
    99. Dragon's TeethDragon's Teeth
    100. Wind
    101. Dragon's TeethDragon's Teeth ×4
    102. Wind
    103. Dragon's TeethDragon's Teeth
    104. Hardened Energy Storage
    105. Dragon's TeethDragon's Teeth
    106. Wind
    107. Dragon's TeethDragon's Teeth
    108. Wind
    109. Dragon's TeethDragon's Teeth
    110. Wind ×4
    111. Dragon's TeethDragon's Teeth
    112. Wind ×3
    113. Dragon's TeethDragon's Teeth
    114. Aircraft PlantAircraft Plantdone 13:41
    115. Dragon's TeethDragon's Teeth
    116. Wind ×3
    117. Dragon's TeethDragon's Teeth
    118. Wind ×2
    119. Dragon's TeethDragon's Teeth
    120. Wind ×2
    121. T2 converter
    122. Dragon's TeethDragon's Teeth
    123. StormbringerBomber
    124. Wind ×3
    125. Dragon's TeethDragon's Teeth
    126. Wind ×3
    127. Dragon's TeethDragon's Teeth
    128. Wind ×4
    129. Dragon's TeethDragon's Teeth
    130. Wind
    131. StormbringerBomber
    132. Wind ×2
    133. Dragon's TeethDragon's Teeth
    134. Wind ×2
    135. StormbringerBomber
    136. Dragon's TeethDragon's Teeth
    137. Wind ×2
    138. StormbringerBomber
    139. Wind
    140. StormbringerBomber
    141. Dragon's TeethDragon's Teeth
    142. Wind ×2
    143. StormbringerBomber
    144. Wind ×2
    145. Dragon's TeethDragon's Teeth
    146. Wind
    147. StormbringerBomber
    148. Con turret
    149. Wind ×2
    150. Dragon's TeethDragon's Teeth
    151. T2 converter
    152. Wind
    153. Con turret
    154. Wind ×2
    155. Dragon's TeethDragon's Teeth
    156. Con turret
    157. Wind ×2
    158. Con turret
    159. Wind
    160. StormbringerBomber
    161. Dragon's TeethDragon's Teeth
    162. Wind ×2
    163. Con turret
    164. Wind ×2
    165. Con turret
    166. Wind ×8
    167. StormbringerBomber
    168. Wind ×3
    169. StormbringerBomber
    170. Wind ×3
    171. StormbringerBomber
    172. Wind
    173. StormbringerBomber
    174. Wind
    175. StormbringerBomber
    176. Wind
    177. StormbringerBomber
    178. Wind ×2

Counts are medians over the build's games: half of them build more, half fewer. The example game is Vaticineur's (34 OS, 14/10/2026); pick another.

Team trades

IN AT LEAST 30% OF ITS GAMES

You hand over

  • Construction Bot1 Con bot to Airfirst at 2:23 · in 84% of games
  • Advanced Construction Bot5 T2 con bot to Air or Geo sea or Pondfirst at 4:50 · in 99% of games
  • Butler2 Butler to Geo sea or Beach sea or Pondfirst at 9:07 · in 42% of games

You get

  • Hercules1 Light transport from Airfirst at 4:01 · in 86% of games

How it plays out

Typical game of this build, running totals by minute

Metal produced

020k40k
0:005:0010:0015:00

metal

Enemy metal destroyed

050100
0:005:0010:0015:00

metal

Own metal lost

050100150
0:005:0010:0015:00

metal

1886 games.

Show as table
ByMetal produced: This buildEnemy metal destroyed: This buildOwn metal lost: This build
1:0038300
2:0091500
3:00165200
4:00314400
5:00484800
6:00580200
7:00722700
8:00906300
9:001117700
10:001350900
11:001624700
12:001967300
13:002345400
14:0027362073
15:003155585130
WHAT THE NUMBERS SAY

Standard Tech play barely fights at all early, instead pouring metal into T2 infrastructure and constructors for the team.

  • + Metal produced hits 31679 by 15:00, by far the highest of any role here.
  • + T2 factory reached in 97% of games by 4:15, fastest and most reliable T2 timing.
  • − Enemy metal destroyed stays at 0 through 10:00, no early offense at all.
  • − Own metal lost also near 0, showing total avoidance of combat risk.
THE EXAMPLE YOU ARE READING

Vaticineur

33.7 OS · 14/10/2026

Open source match ↗

6 received units
3112 metal received · 60686 energy received

Allied construction assistance is unknown. Timings are observations, not a promise of solo reproducibility.

Typical milestones

Bot Lab1:18Middle 50%: 1:13–1:32 · n=1886
Advanced Bot Lab4:16Middle 50%: 4:04–4:30 · n=1879
Advanced Metal Extractor5:29Middle 50%: 5:05–5:59 · n=1882

Played most by

Amrissa92games of this buildTheGeneraI67games of this buildAdeus57games of this buildEl_Turco56games of this buildKOT_43games of this build
Standard tech · Armada Tech (Eco) build order · BAR Build Atlas